 Dungeon Crawl Stone Soup version 0.29.1-12-g30fa7ad0bf (webtiles) character file.

Game seed: 18094434309336366405

62433 KittyFluff the Bludgeoner (level 15, 0/96 HPs)
             Began as a Gargoyle Fighter on Jan 4, 2023.
             Was a High Priest of Trog.
             Slain by a tengu warrior
             ... wielding a +0 vorpal broad axe
              (2 damage)
             ... on level 11 of the Dungeon on Jan 5, 2023.
             The game lasted 02:46:55 (24447 turns).

KittyFluff the Bludgeoner (Gargoyle Fighter)       Turns: 24447, Time: 02:46:56

Health: 0/96       AC: 61    Str: 33    XL:     15   Next: 6%
Magic:  24/24      EV:  8    Int: 13    God:    Trog [*****.]
Gold:   1031       SH: 20    Dex: 25    Spells: 14/14 levels left

rFire   + . .      SeeInvis +   Q - +2 flail (protect)
rCold   + + .      Faith    .   c - +1 tower shield of the Minstrel {rN+ MP+9 Int+2 SInv}
rNeg    + + .      Spirit   .   R - +17 crystal plate armour of the Comet {Str+7 Int+3}
rPois   ∞          Reflect  .   E - +3 hat of the Monkey {rC+}
rElec   +          Harm     .   B - scarf {+Inv}
rCorr   +          Rampage  .   X - +2 pair of gloves {hurl}
Will    +....                   G - +2 pair of boots "Romnuoto" {rF+ rC+ rCorr}
Stlth   ..........              K - amulet of the acrobat
HPRegen 0.26/turn               C - +6 ring of dexterity
MPRegen 0.19/turn               D - ring "Uzamny" {*Slow Fly Dex+8}

@: about to teleport, on berserk cooldown, flying, slowed, very slow
A: sickness immunity, AC +11, big wings, negative energy resistance 1,
electricity resistance, torment resistance 1, petrification resistance
a: Renounce Religion, Evoke Invisibility, Berserk, Trog's Hand, Brothers in Arms


You were on level 11 of the Dungeon.
You worshipped Trog.
Trog was extremely pleased with you.
You visited 3 branches of the dungeon, and saw 17 of its levels.
You also visited: Ossuary and Gauntlet.

You collected 1122 gold pieces.
You spent 91 gold pieces at shops.

Inventory:

Hand Weapons
 t - a +0 sling
 L - a +0 morningstar
 O - a +1 demon whip of venom
 Q - a +2 flail of protection (weapon)
Missiles
 b - 7 curare-tipped darts
 h - 3 atropa-tipped darts
 n - 42 poisoned darts (quivered)
 N - 2 throwing nets
 V - 5 silver javelins
Armour
 c - the +1 tower shield of the Minstrel (worn) {rN+ MP+9 Int+2 SInv}
   (You acquired it on level 5 of the Lair of Beasts)

   Int:       It affects your intelligence (+2).
   rN:        It protects you from negative energy.
   MP:        It affects your magic capacity (+9).
   SInv:      It lets you see invisible.
 g - a +1 chain mail of poison resistance
 y - the +1 ring mail of the Worm {Dex+4}
   (You found it on level 4 of the Dungeon)

   Dex:       It affects your dexterity (+4).
 B - a scarf of invisibility (worn)
 E - the +3 hat of the Monkey (worn) {rC+}
   (You acquired it on level 6 of the Dungeon)

   rC:        It protects you from cold.
 G - the +2 pair of boots "Romnuoto" (worn) {rF+ rC+ rCorr}
   (You acquired it on level 10 of the Dungeon)

   rF:        It protects you from fire.
   rC:        It protects you from cold.
   rCorr:     It protects you from acid and corrosion.
 J - the +1 robe of Hengitai {+Blink Will- Dex+2}
   (You found it on level 7 of the Dungeon)

   Dex:       It affects your dexterity (+2).
   +Blink:    It lets you blink.
   Will:      It decreases your willpower.
 R - the +17 crystal plate armour of the Comet (worn) {Str+7 Int+3}
   (You found it on level 8 of the Dungeon)

   Str:       It affects your strength (+7).
   Int:       It affects your intelligence (+3).
 X - a +2 pair of gloves of hurling (worn)
Jewellery
 a - a ring of resist corrosion
 m - the ring of Yteth {Wiz rC+}
   (You found it in a Gauntlet)

   [ring of wizardry]

   It improves your spell success rate.
   rC:        It protects you from cold.
 A - a ring of fire
 C - a +6 ring of dexterity (left hand)
 D - the ring "Uzamny" (right hand) {*Slow Fly Dex+8}
   (You found it in a Gauntlet)

   [ring of flight]

   Dex:       It affects your dexterity (+8).
   Fly:       It grants you flight.
   *Slow:     It may slow you when you take damage.
 K - an amulet of the acrobat (around neck)
 P - a +4 ring of protection
Wands
 u - a wand of flame (48)
 w - a wand of paralysis (28)
 H - a wand of roots (12)
 U - a wand of light (7)
 Y - a wand of mindburst (6)
Scrolls
 i - 4 scrolls of butterflies {unknown}
 j - 3 scrolls of magic mapping
 l - 9 scrolls of enchant weapon
 o - a scroll of torment
 r - a scroll of summoning
 s - 4 scrolls of blinking {unknown}
 x - 2 scrolls of vulnerability {unknown}
 F - 2 scrolls of poison
 I - 3 scrolls of teleportation
 M - a scroll of enchant armour
 W - a scroll of silence
 Z - a scroll of immolation
Potions
 d - 8 potions of might
 e - 3 potions of resistance
 f - 8 potions of lignification
 k - 3 potions of attraction
 p - 6 potions of curing
 S - 3 potions of haste
 T - 4 potions of invisibility
Miscellaneous
 z - a phial of floods


   Skills:
 + Level 12.1 Fighting
 + Level 16.2 Maces & Flails
 - Level 2.7 Ranged Weapons
 - Level 3.0 Throwing
 * Level 14.1 Armour
 - Level 5.5 Dodging
 - Level 3.3 Stealth
 + Level 10.7 Shields
 - Level 0.5 Evocations


You had 14 spell levels left.
You didn't know any spells.
Your spell library contained the following spells:

 Spells                   Type           Power      Damage    Failure   Level
 Apportation              Tloc           0%         N/A       100%        1
 Alistair's Intoxication  Tmut/Pois      0%         N/A       100%        5


Dungeon Overview and Level Annotations

Branches:
Dungeon (11/15)            Temple (1/1) D:4            Lair (5/5) D:10
  Swamp (0/4) Lair:2        Snake (0/4) Lair:2        Slime (0/5) Lair:4
    Orc (0/2) D:10        Ossuary (visited)         Gauntlet (visited)

Altars:
Ashenzari
Fedhas
Gozag
Makhleb
Nemelex Xobeh
Qazlal
Sif Muna
Trog
Uskayaw
Vehumet

Shops:
D:7 *   D:8 !

Annotations:
D:11 Barsook's ghost, journeyman DsFi
Lair:3 Snorg
Lair:5 exclusion: obsidian statue


Innate Abilities, Weirdness & Mutations

You are immune to sickness and miasma.
Your stone body is resilient. (AC +11)
You are immune to poison.
Your large and strong wings let you fly.
You resist negative energy. (rN+)
You are resistant to electric shocks. (rElec)
You are resistant to unholy torment.
You are immune to petrification.


Message History

You block the two-headed ogre's attack. The two-headed ogre closely misses you.
You block the tengu warrior's attack. x2
The tengu warrior claws you but does no damage.
You hear a shout!
The tengu warrior hits you but does no damage.
The tengu warrior barely misses you.
The tengu warrior claws you but does no damage.
The two-headed ogre hits you with a +0 giant spiked club.
* * * LOW HITPOINT WARNING * * *
The two-headed ogre barely misses you.
The tengu warrior attacks as you move away!
The tengu warrior hits you but does no damage.
The tengu warrior pecks you but does no damage.
You block the tengu warrior's attack.
The two-headed ogre rages.
You block the tengu warrior's attack.
The tengu warrior pecks you but does no damage.
The tengu warrior barely misses you.
The tengu warrior hits you but does no damage.
The tengu warrior closely misses you.
The tengu warrior completely misses you.
Okay, then.
You fail to use your ability.
You block the tengu warrior's attack. x2
The tengu warrior claws you but does no damage.
You block the two-headed ogre's attack.
The two-headed ogre hits you with a +0 giant spiked club!
* * * LOW HITPOINT WARNING * * *
The tengu warrior closely misses you.
The tengu warrior pecks you but does no damage.
The tengu warrior claws you but does no damage.
As you read the scroll of teleportation, it crumbles to dust.
You feel strangely unstable.
The two-headed ogre hits you but does no damage.
You block the two-headed ogre's attack. You block the tengu warrior's attack.
The tengu warrior pecks you but does no damage.
The tengu warrior claws you but does no damage.
You block the two-headed ogre's attack. x2
The tengu warrior hits you with a +0 vorpal broad axe!
* * * LOW HITPOINT WARNING * * *
You die...

.## #......# #..##....#§##.##.##.
..#####.#### #..#......[#...#....
...........# #o©#©..#._.....#©.[.
....###....###[.#yT#≈..:#§..#....
....'...........##.###O#§#.##....
#.#..##.#....##..##..#.#####.....
.##..#.##..#.##..##...W..###.....
...##....###.###QO###.§.###..##..
##..#.##..##.# #@...#####..(.###.
##.#..##.#.#.# #............## ##
...##....###># #.##........## #
#.#..##.#.)#.# #...........# #
.##..#.##....# #####.####### ##
...##....###.# #.# ### ##.
##..#.##..##.# #.# ##.## #..
##.#..##.#...# ##.####.#.####.
...##....##### #........#.####


You could see a tengu warrior (berserk), a two-headed ogre (berserk) and an orc
warrior (fleeing, slow).

Vanquished Creatures
  3 dire elephants (Lair:5)
  A minotaur (Gauntlet)
  Erolcha (D:9)
  2 catoblepae
  5 hydras
  A two-headed ogre (D:7)
  3 death yaks (Lair:5)
  Amaemon (Lair:1)
  A spectral death yak (Lair:5)
  A fire crab (Gauntlet)
  Sonja (Lair:5)
  A spectral anaconda (Lair:5)
  Pikel (D:9)
  4 necromancers (Lair:5)
  A manticore (Lair:3)
  A cyclops (D:11)
  Joseph (D:8)
  A black mamba (Lair:1)
  21 elephants
  An ice statue (Gauntlet)
  An orange demon (Lair:1)
  14 cane toads
  A kobold demonologist (D:10)
  A torpor snail (Lair:5)
  7 rime drakes (Lair:3)
  10 komodo dragons
  2 polar bears (Lair:4)
  Grinder (D:4)
  A wolf spider simulacrum (Gauntlet)
  7 dream sheep
  The ghost of Mesogog the Digger, an amateur DsEE of Xom (D:5)
  11 blink frogs
  A shadow (D:11)
  77 yaks
  8 wyverns
  Grum (D:8)
  3 fire bats (Gauntlet)
  2 steam dragons
  4 vampire mosquitoes (D:11)
  A death yak simulacrum (Lair:5)
  8 basilisks
  2 spectral cane toads (Lair:5)
  2 harpy simulacra (Gauntlet)
  3 wargs (D:10)
  14 water moccasins
  An ice beast (D:6)
  A meliai simulacrum (Gauntlet)
  2 elephant zombies (Lair:5)
  3 sky beasts
  2 ogres
  21 wolves
  4 centaurs
  2 lemures (D:9)
  2 phantoms
  6 kobold brigands
  13 bullfrogs
  A gnoll sergeant (D:8)
  4 scorpions
  3 water moccasin zombies (Ossuary)
  10 wights
  An electric eel (D:11)
  6 howler monkeys
  A jelly (D:5)
  9 orc priests
  6 hounds
  4 iguanas
  12 orc wizards
  6 hell rats (Lair:3)
  2 mummies (Ossuary)
  7 gnolls
  8 adders
  A shadow imp (D:7)
  2 white imps
  5 adder zombies (Ossuary)
  2 worms (D:2)
  A dart slug (D:1)
  30 orcs
  3 bats
  4 endoplasms
  4 giant cockroaches
  5 gnoll zombies (Ossuary)
  2 goblins
  9 hobgoblins
  8 jackals
  5 quokkas
  3 ball pythons
  A frilled lizard (D:1)
  4 hobgoblin zombies (Ossuary)
  27 kobolds
  4 kobold zombies (Ossuary)
  6 orc zombies (Ossuary)
  6 rats
504 creatures vanquished.

Vanquished Creatures (collateral kills)
  2 dire elephants (Lair:5)
2 creatures vanquished.

Vanquished Creatures (others)
  A rime drake (Gauntlet)
  An orc (D:8)
  A demonic plant (Gauntlet)
  42 fungi
  63 plants
  16 withered plants (Lair:5)
124 creatures vanquished.

Grand Total: 630 creatures vanquished

Notes
Turn   | Place    | Note
-------+----------+-------------------------------------------
     0 | D:1      | KittyFluff the Gargoyle Fighter began the quest for the
                  | Orb.
     0 | D:1      | Reached XP level 1. HP: 14/14 MP: 1/1
   105 | D:1      | Reached XP level 2. HP: 19/19 MP: 2/2
   557 | D:1      | Reached XP level 3. HP: 23/23 MP: 3/3
   700 | D:1      | Found a faded altar of an unknown god.
  1225 | D:2      | Reached XP level 4. HP: 28/28 MP: 4/4
  2968 | D:4      | Found a sand-covered staircase.
  2981 | Ossuary  | Entered an ossuary
  3005 | Ossuary  | Reached skill level 3 in Maces & Flails
  3058 | Ossuary  | Reached XP level 5. HP: 31/33 MP: 5/5
  3106 | Ossuary  | Reached skill level 1 in Dodging
  3210 | Ossuary  | Reached skill level 4 in Maces & Flails
  3210 | Ossuary  | Reached XP level 6. HP: 35/38 MP: 6/6
  3355 | Ossuary  | Reached skill level 5 in Armour
  3576 | D:4      | Found a staircase to the Ecumenical Temple.
  3586 | Temple   | Entered the Ecumenical Temple
  3691 | Temple   | Became a worshipper of Trog the Wrathful
  3858 | D:4      | Noticed Grinder
  3863 | D:4      | Paralysed by Grinder for 2 turns
  3882 | D:4      | Paralysed by Grinder for 2 turns
  3884 | D:4      | Killed Grinder
  3885 | D:4      | Reached skill level 5 in Maces & Flails
  3885 | D:4      | Reached XP level 7. HP: 36/43 MP: 7/7
  4308 | D:4      | Identified the +1 ring mail of the Worm {Dex+4}
  4583 | D:5      | Entered Level 5 of the Dungeon
  4623 | D:5      | Reached skill level 6 in Maces & Flails
  4851 | D:5      | Reached * piety under Trog
  4931 | D:5      | Reached XP level 8. HP: 45/48 MP: 8/8
  5016 | D:5      | Found a runed translucent door.
  5017 | D:5      | Noticed Mesogog's ghost (amateur DsEE)
  5033 | D:5      | Killed Mesogog's ghost
  5095 | D:5      | Reached skill level 7 in Maces & Flails
  5764 | D:6      | Reached skill level 1 in Stealth
  5877 | D:6      | Reached skill level 8 in Maces & Flails
  6138 | D:6      | Reached skill level 5 in Fighting
  6138 | D:6      | Reached XP level 9. HP: 7/54 MP: 9/9
  6528 | D:6      | Reached skill level 9 in Maces & Flails
  6958 | D:6      | Identified a scroll of acquirement
  7308 | D:7      | Identified the +1 robe of Hengitai {+Blink Will- Dex+2}
  7337 | D:7      | Reached ** piety under Trog
  7342 | D:7      | Reached skill level 10 in Maces & Flails
  7726 | D:7      | Reached XP level 10. HP: 60/60 MP: 10/10
  7873 | D:7      | Found Daotol's General Store.
  7895 | D:7      | Bought a potion of degeneration for 13 gold pieces
  7895 | D:7      | Bought a scroll of teleportation for 39 gold pieces
  7895 | D:7      | Bought a scroll of noise for 13 gold pieces
  7895 | D:7      | Bought a scroll of identify for 26 gold pieces
  8059 | D:8      | Noticed a two-headed ogre
  8069 | D:7      | Killed a two-headed ogre
  8070 | D:7      | Reached skill level 11 in Maces & Flails
  8070 | D:7      | Reached skill level 5 in Shields
  8322 | D:8      | Found a shimmering blue altar of Sif Muna.
  8398 | D:8      | Noticed Grum
  8428 | D:8      | Killed Grum
  8707 | D:8      | Reached skill level 1 in Throwing
  8918 | D:8      | Identified the +17 crystal plate armour of the Comet {Str+7
                  | Int+3}
  8960 | D:8      | Found an opulent altar of Gozag.
  9023 | D:8      | Reached skill level 1 in Ranged Weapons
  9505 | D:8      | Noticed Joseph
  9525 | D:8      | Killed Joseph
  9612 | D:8      | Found Syobuyki's Distillery.
 10102 | D:9      | Reached skill level 12 in Maces & Flails
 10102 | D:9      | Reached XP level 11. HP: 64/67 MP: 11/11
 10342 | D:9      | Noticed Erolcha
 10777 | D:9      | Noticed Pikel
 10794 | D:9      | Killed Pikel
 10894 | D:10     | Entered Level 10 of the Dungeon
 11121 | D:10     | Reached *** piety under Trog
 11594 | D:10     | Identified the +3 leather armour "Fuomengi" {Int+4}
 11679 | D:10     | Found a staircase to the Orcish Mines.
 11784 | D:10     | Noticed a sun demon
 11974 | D:10     | Found a staircase to the Lair.
 12107 | D:9      | Killed Erolcha
 12108 | D:9      | Reached skill level 13 in Maces & Flails
 12395 | D:10     | Acquired the +3 hat of the Monkey {rC+}
 12396 | D:10     | Acquired the +2 pair of boots "Romnuoto" {rF+ rC+ rCorr}
 12421 | Lair:1   | Entered Level 1 of the Lair of Beasts
 13178 | Lair:1   | Reached XP level 12. HP: 71/73 MP: 12/12
 13183 | Lair:1   | Reached skill level 14 in Maces & Flails
 13366 | Lair:1   | Noticed Amaemon
 13412 | Lair:1   | Killed Amaemon
 13528 | Lair:1   | Reached **** piety under Trog
 13807 | Lair:1   | Noticed a catoblepas
 13830 | Lair:1   | Killed a catoblepas
 14270 | Lair:2   | Noticed a five-headed hydra
 14287 | Lair:2   | Killed a five-headed hydra
 14587 | Lair:2   | Found a staircase to the Swamp.
 15101 | Lair:2   | Noticed an eight-headed hydra
 15113 | Lair:2   | Killed an eight-headed hydra
 15179 | Lair:2   | Reached skill level 10 in Armour
 15319 | Lair:2   | Found a staircase to the Snake Pit.
 15483 | Lair:2   | Reached XP level 13. HP: 63/80 MP: 13/13
 15851 | Lair:3   | Reached skill level 5 in Dodging
 16384 | Lair:3   | Reached ***** piety under Trog
 16489 | Lair:3   | Reached skill level 15 in Maces & Flails
 16551 | Lair:3   | Reached skill level 10 in Fighting
 17029 | Lair:3   | Received a gift from Trog
 17071 | Lair:3   | Identified the +2 robe of Zuetinuk {*Corrode rElec rC+
                  | Stlth+}
 17134 | Lair:3   | Noticed Snorg
 18373 | Lair:4   | Found a staircase to the Slime Pits.
 18606 | Lair:5   | Entered Level 5 of the Lair of Beasts
 18621 | Lair:4   | Gained mutation: Your large and strong wings let you fly.
                  | [Gargoyle growth]
 18621 | Lair:4   | Reached XP level 14. HP: 69/88 MP: 14/14
 18984 | Lair:5   | Found a gate leading to a gauntlet.
 18986 | Lair:5   | Noticed Sonja
 19048 | Gauntlet | Entered a Gauntlet
 19048 | Gauntlet | Found a transporter.
 19048 | Gauntlet | Found a transporter.
 19056 | Gauntlet | Found a transporter.
 19056 | Gauntlet | Found a transporter.
 19078 | Gauntlet | Found a transporter.
 19089 | Gauntlet | Found a transporter.
 19090 | Gauntlet | Found a transporter.
 19105 | Gauntlet | Found a transporter.
 19119 | Gauntlet | Found a runed translucent door.
 19121 | Gauntlet | Found a transporter.
 19123 | Gauntlet | Found a runed translucent door.
 19136 | Gauntlet | Found a transporter.
 19140 | Gauntlet | Found a transporter.
 19148 | Gauntlet | Found a transporter.
 19214 | Gauntlet | Received a gift from Trog
 19444 | Gauntlet | Identified the ring of Yteth {Wiz rC+}
 19547 | Gauntlet | Identified the ring "Uzamny" {*Slow Fly Dex+8}
 20107 | Lair:5   | Killed Sonja
 21017 | Lair:5   | Reached skill level 10 in Shields
 21348 | Lair:5   | Noticed a dire elephant
 21348 | Lair:5   | Noticed a dire elephant
 21348 | Lair:5   | Noticed a dire elephant
 21374 | Lair:5   | Killed a dire elephant
 21607 | Lair:5   | Noticed a dire elephant
 21607 | Lair:5   | Noticed a dire elephant
 21998 | Lair:5   | Reached skill level 16 in Maces & Flails
 22310 | Lair:5   | Killed a dire elephant
 22332 | Lair:5   | Killed a dire elephant
 22379 | Lair:5   | Killed a dire elephant
 22383 | Lair:5   | Killed a dire elephant
 23089 | Lair:5   | Acquired the +1 tower shield of the Minstrel {rN+ MP+9
                  | Int+2 SInv}
 23693 | D:11     | Reached XP level 15. HP: 94/96 MP: 15/15
 24156 | D:11     | Noticed Barsook's ghost (journeyman DsFi)
 24158 | D:11     | Found a transporter.
 24159 | D:11     | Found a bloodstained altar of Trog.
 24179 | D:11     | Found a transporter.
 24438 | D:11     | HP: 4/144 [tengu warrior/+0 vorpal broad axe (24)]
 24447 | D:11     | HP: 2/96 [tengu warrior/+0 vorpal broad axe (10)]
 24447 | D:11     | Slain by a tengu warrior

Illustrated notes

Levels and vault maps discovered:
D:1:      dpeg_arrival_pits, layout_basic,
          dreamdust_ecumenical_altar_angels_and_demons, minmay_unequal
D:2:      layout_basic, corexii_shack
D:3:      layout_basic, roderic_filled_cross
D:4:      layout_basic, minmay_temple_entry_gardened_gates, enter_ossuary_1,
          uniq_grinder
D:5:      layout_loops_ring, gammafunk_ghost_grave, minivault_27,
          kennysheep_generic_room_12
D:6:      layout_loops_corners
D:7:      layout_basic, serial_shops, nicolae_shop_hallway_plus,
          dk_noncrumbling_3, minmay_misc_feat_cross, supply_closet_lemuel
D:8:      nicolae_cairo_tiling_large_dashed, layout_rooms, led_sif_book,
          mainiacjoe_overflow_small_starburst, serial_shops, shop,
          nicolae_fountain_basement, uniq_grum, uniq_joseph
D:9:      layout_cave_pools, hangedman_decor_clover_reticule,
          minmay_misc_feat_room, kennysheep_potato, uniq_erolcha, uniq_pikel
D:10:     layout_irregular_city, erik_lair_orcish_takeover,
          serial_park_tiny_pond
D:11:     layout_loops_corners, gammafunk_ghost_wrathful_warriors,
          nicolae_eternal_life, nicolae_lava_and_water
Temple:   mainiacjoe_temple_big_plus
Lair:1:   layout_regular_city, uniq_amaemon
Lair:2:   layout_regular_city, swamp_mist, dummy_snake_entry,
          serial_bayou_pond_d, grunt_megastairs_2
Lair:3:   layout_small_grid, special_room [special_room_mythical_zoo],
          beast_lair_carwin_8, infiniplex_staircase_pool_2, uniq_snorg
Lair:4:   layout_hall_layers, dpeg_slime_entry_enclosed
Lair:5:   due_jungle_book, layout_long_grid, gauntlet_entry_generic, uniq_sonja

Skill      XL: |  1  2  3  4  5  6  7  8  9 10 11 12 13 14 |
---------------+-------------------------------------------+-----
Armour         | 4 5 6 7 8 9 10 11 14 | 14.1
Maces & Flails | 3 4 5 6 8 10 12 13 14 15 16 | 16.2
Dodging        | 1 2 3 4 5 |  5.5
Fighting       | 4 5 6 7 9 10 12 | 12.1
Shields        | 4 5 6 7 9 10 | 10.7
Stealth        | 1 2 3 |  3.3
Throwing       | 1 2 3 |  3.0
Ranged Weapons | 2 |  2.7
Evocations     | |  0.5

Action                   |  1- 3 |  4- 6 |  7- 9 | 10-12 | 13-15 || total
-------------------------+-------+-------+-------+-------+-------++-------
Melee: Flail             |   113 |   174 |   350 |   869 |   329 ||  1835
       Demon whip        |       |       |       |       |   545 ||   545
       Morningstar       |       |       |       |       |   326 ||   326
 Fire: Sling             |       |       |       |    12 |    12 ||    24
Throw: Stone             |       |       |    15 |    78 |    27 ||   120
       Dart              |       |       |       |       |    23 ||    23
       Throwing net      |       |       |       |       |     2 ||     2
Invok: Berserk           |       |       |     1 |     5 |     5 ||    11
       Trog's Hand       |       |       |       |     1 |     1 ||     2
       Brothers in Arms  |       |       |       |       |     1 ||     1
Evoke: Wand              |       |     3 |     1 |     5 |     1 ||    10
  Use: Scroll            |       |     4 |     5 |     9 |    17 ||    35
       Potion            |       |       |       |     1 |     9 ||    10
 Stab: Sleeping          |       |       |     2 |     2 |     1 ||     5
Armor: Ring mail         |    57 |    67 |   113 |   285 |   181 ||   703
       Chain mail        |       |       |       |       |   143 ||   143
       Skin              |       |       |       |       |     1 ||     1
       Crystal plate arm |       |       |       |       |    47 ||    47
Dodge: Dodged            |    60 |    62 |   108 |   433 |   433 ||  1096
Block: Buckler           |    22 |    29 |    72 |   217 |   232 ||   572
       Tower shield      |       |       |       |       |   137 ||   137
